Knights vs Inferno
Created - April 13, 2019 at 22:44
Goals
|
| Knights |
0 |
1 |
3 |
4 |
| Inferno |
1 |
1 |
0 |
2 |
|
Shots
|
| Knights |
7 |
21 |
13 |
41 |
| Inferno |
13 |
10 |
13 |
36 |
|
1st period
1. Inferno , Tanner Pearson 34 (Vladimir Sobotka 57) at 8:38
Penalties :
Kyle Palmieri (Anc) for Slashing (Minor) at 12:57, Brendan Gaunce (Lon) for Hooking (Minor) at 17:40
2nd period
2. Knights , Pavel Buchnevich 49 (Jaccob Slavin 45, Noel Acciari 76) at 7:50 (PP)
3. Inferno , Vladimir Sobotka 37 (David Savard 40) at 18:48
Penalties :
Josh Bailey (Lon) for High sticking (Minor) at 1:58, Matthew Nieto (Anc) for Hooking (Minor) at 7:16, Matthew Nieto (Anc) for Roughing (Minor) at 19:14
3rd period
4. Knights , Tomas Kundratek 5 (Josh Bailey 38, Noel Acciari 77) at 6:25 (PP)
5. Knights , Ronalds Kenins 4 (Jaccob Slavin 46, Noel Acciari 78) at 7:37
6. Knights , Miro Aaltonen 32 (Josh Bailey 39) at 14:51
Penalties :
Greg Pateryn (Anc) for Goalie Interference (Minor) at 6:19, Christian Folin (Anc) for Tripping (Minor) at 17:40
Goalie Stats
Magnus Hellberg (Lon), 34 saves from 36 shots - (0.944), W, 16-12-0, 60:00 minutes
Christopher Gibson (Anc), 37 saves from 41 shots - (0.902), L, 28-17-3, 60:00 minutes
Players Stats for Knights
Player Name G A P +/- PIM S H SB GA TA FO MP PP MP PK MP
------------------------------------------------------------------------------------
Boone Jenner 0 0 0 0 0 0 0 0 0 0 2/6 10:50 0:11 1:05
Brandon Saad 0 0 0 0 0 3 2 0 0 0 0/0 10:01 0:21 0:32
Brendan Gaunce 0 0 0 0 2 1 0 0 1 1 0/2 9:30 0:00 0:00
Brett Connolly 0 0 0 0 0 0 0 0 2 0 0/0 10:40 0:10 0:00
Collin Miller 0 0 0 0 0 3 1 2 1 0 0/0 17:07 1:20 0:00
Fredrik Claesson 0 0 0 1 0 0 0 2 0 0 0/0 14:23 0:00 1:36
Jaccob Slavin 0 2 2 -1 0 6 2 2 0 3 0/0 27:47 5:17 1:36
Jordan Martinook 0 0 0 0 0 2 1 0 0 1 0/1 9:27 0:00 0:00
Josh Bailey 0 2 2 1 2 1 1 0 2 1 0/0 16:18 3:05 0:30
Linden Vey 0 0 0 1 0 3 2 1 0 1 1/2 16:44 1:22 0:00
Ludwig Bystrom 0 0 0 1 0 1 0 1 1 0 0/0 12:43 0:00 0:00
Michael Matheson 0 0 0 0 0 1 1 0 0 1 0/0 21:16 1:20 2:22
Michael Raffl 0 0 0 0 0 3 0 1 0 0 0/0 20:50 4:17 2:20
Miro Aaltonen 1 0 1 1 0 5 0 0 1 0 5/9 14:46 1:59 0:00
Noel Acciari 0 3 3 -1 0 3 1 1 0 1 22/38 24:27 4:27 2:23
Pavel Buchnevich 1 0 1 -1 0 2 2 0 0 0 0/0 11:37 2:00 0:00
Ronalds Kenins 1 0 1 -1 0 3 2 1 0 0 2/3 20:50 1:59 1:06
Tomas Kundratek 1 0 1 -1 0 4 0 0 2 0 0/0 26:44 5:17 2:22
Players Stats for Inferno
Player Name G A P +/- PIM S H SB GA TA FO MP PP MP PK MP
------------------------------------------------------------------------------------
Anders Lee 0 0 0 0 0 1 1 1 0 0 6/13 17:33 2:16 1:06
Bryan Rust 0 0 0 0 0 1 1 1 0 0 0/0 17:29 0:00 3:54
Christian Folin 0 0 0 1 2 3 1 3 0 0 0/0 19:13 2:20 0:00
Colby Robak 0 0 0 0 0 0 0 0 0 2 0/0 25:26 0:00 4:31
David Savard 0 1 1 0 0 1 0 2 2 1 0/0 28:48 2:20 4:31
Esa Lindell 0 0 0 -1 0 1 2 1 1 1 0/0 13:29 1:38 0:00
Greg Pateryn 0 0 0 -1 2 0 3 1 0 2 0/0 13:46 0:00 2:06
Kyle Palmieri 0 0 0 0 2 3 3 0 0 1 0/0 18:19 1:35 0:00
Matt Kassian 0 0 0 0 0 3 3 2 1 0 0/0 12:36 0:00 1:31
Matthew Nieto 0 0 0 0 4 2 3 0 1 0 1/2 17:11 1:35 1:12
Oliver Bjorkstrand 0 0 0 0 0 8 0 0 1 0 1/2 10:18 2:23 0:00
Peter Cehlarik 0 0 0 0 0 3 0 0 0 0 0/0 7:50 0:00 0:00
Philip Varone 0 0 0 0 0 3 1 0 1 0 3/3 12:46 0:07 1:31
Simon Danis-Pepin 0 0 0 1 0 1 0 3 0 2 0/0 19:21 1:38 2:06
Tanner Pearson 1 0 1 0 0 2 2 0 1 0 1/2 18:46 2:23 0:00
Tyler Shattock 0 0 0 0 0 0 0 0 0 0 0/0 10:46 0:00 0:00
Victor Rask 0 0 0 0 0 3 1 0 0 0 5/5 9:25 1:35 0:00
Vladimir Sobotka 1 1 2 0 0 1 1 2 1 1 12/34 20:16 0:00 4:00
3 Stars
1 - Magnus Hellberg (Lon)
2 - Noel Acciari (Lon)
3 - Vladimir Sobotka (Anc)
Power Play
Knights - 2 on 5 Attempt(s) - 40.00%
Inferno - 0 on 2 Attempt(s) - 0.00%
Penalty Kill
Knights - 2 on 2 Attempt(s) - 100.00%
- Score 0 goal in Penalty Kill
Inferno - 3 on 5 Attempt(s) - 60.00%
- Score 0 goal in Penalty Kill
Team Stat
Knights - Hits : 15 - Faceoff Wins : 32 - Blocked Shots : 11 - Penalty Minutes : 4
Inferno - Hits : 22 - Faceoff Wins : 29 - Blocked Shots : 16 - Penalty Minutes : 10
Official
Referees : Unknown
Linesman : Unknown
Game Notes
Pavel Buchnevich is injured at 15:43 of 2nd period (Bruised Left Shoulder)
Finance
Level 1 -- Attendance: 1470 (73.50%) -- Ticket Income $58,800
Level 2 -- Attendance: 758 (75.80%) -- Ticket Income $15,160
Total Attendance: 2228 (74.27%)
Total Ticket Income: $73,960
Other Income: $3,698
Total Income: $77,658
Knights
5 vs 5 Forward
Center Left Wing Right Wing Time % Phy DF OF
1 Noel Acciari Ronalds Kenins Pavel Buchnevich 40 1 2 2
2 Miro Aaltonen Michael Raffl Josh Bailey 30 1 2 2
3 Boone Jenner Brandon Saad Linden Vey 20 1 2 2
4 Brendan Gaunce Jordan Martinook Brett Connolly 10 1 2 2
5 vs 5 Defense
Defense Defense Time % Phy DF OF
1 Tomas Kundratek Jaccob Slavin 40 1 2 2
2 Michael Matheson Collin Miller 30 1 2 2
3 Fredrik Claesson Ludwig Bystrom 20 1 2 2
4 Michael Matheson Jaccob Slavin 10 1 2 2
PowerPlay Forward
Center Left Wing Right Wing Time % Phy DF OF
1 Noel Acciari Michael Raffl Pavel Buchnevich 60 1 1 3
2 Miro Aaltonen Ronalds Kenins Josh Bailey 40 1 1 3
PowerPlay Defense
Defense Defense Time % Phy DF OF
1 Jaccob Slavin Tomas Kundratek 60 0 1 4
2 Michael Matheson Collin Miller 40 0 1 4
Penalty Kill 4 Players Forward
Center Wing Time % Phy DF OF
1 Noel Acciari Michael Raffl 60 1 3 1
2 Josh Bailey Ronalds Kenins 40 1 3 1
Penalty Kill 4 Players Defense
Defense Defense Time % Phy DF OF
1 Tomas Kundratek Michael Matheson 60 1 3 1
2 Fredrik Claesson Jaccob Slavin 40 1 3 1
Penalty Kill - 3 Players Forward
Forward Time % Phy DF OF
1 Michael Raffl 60 0 4 1
2 Noel Acciari 40 0 4 1
Penalty Kill - 3 Players Defense
Defense Defense Time % Phy DF OF
1 Tomas Kundratek Fredrik Claesson 60 1 3 1
2 Jaccob Slavin Michael Matheson 40 1 3 1
4 vs 4 Forward
Center Wing Time % Phy DF OF
1 Miro Aaltonen Josh Bailey 60 1 2 2
2 Noel Acciari Pavel Buchnevich 40 1 2 2
4 vs 4 Defense
Defense Defense Time % Phy DF OF
1 Collin Miller Michael Matheson 60 1 2 2
2 Tomas Kundratek Jaccob Slavin 40 1 2 2
Last Minutes Offensive
Center Left Wing Right Wing Defense Defense
Noel Acciari Michael Raffl Pavel Buchnevich Jaccob Slavin Tomas Kundratek
Last Minutes Defensive
Center Left Wing Right Wing Defense Defense
Noel Acciari Michael Raffl Josh Bailey Tomas Kundratek Jaccob Slavin
Goaltenders
Starting : Magnus Hellberg
Backup : Ben Scrivens
Extra Forwards
Normal : Pavel Buchnevich, Linden Vey, Michael Raffl - PP : Josh Bailey, Michael Raffl - PK : Michael Raffl
Extra Defensemen
Normal : Jaccob Slavin, Tomas Kundratek, Collin Miller - PP : Jaccob Slavin - PK : Jaccob Slavin, Tomas Kundratek
Penalty Shots
Michael Raffl, Boone Jenner, Pavel Buchnevich, Noel Acciari, Linden Vey
Scratches
Zach Nastasiuk (Healthy), Jonathan Huberdeau (Torn Left MCL Injury), Cody Bass (Healthy), Nicklas Jensen (Healthy), Alan Quine (Healthy)
David Shields (Healthy), Matthew Benning (Healthy), Trevor Moore (Healthy), Scott Wilson (Healthy), Curtis Valk (Healthy)
Anthony Louis (Healthy), Travis Boyd (Healthy), Nicolas Petan (Healthy), Zach Trotman (Left Forearm Injury), Vince Hinostroza (Healthy)
Anton Blidh (Healthy), Justin Braun (Left Eye Injury), A.J. Jenks (Healthy), Connor Knapp (Healthy), Eamon McAdam (Healthy)
Philippe Desrosiers (Healthy), Ville Husso (Healthy)
Inferno
5 vs 5 Forward
Center Left Wing Right Wing Time % Phy DF OF
1 Vladimir Sobotka Tanner Pearson Kyle Palmieri 40 1 2 2
2 Anders Lee Matthew Nieto Bryan Rust 30 1 2 2
3 Philip Varone Matt Kassian Tyler Shattock 20 1 2 2
4 Victor Rask Peter Cehlarik Oliver Bjorkstrand 10 1 2 2
5 vs 5 Defense
Defense Defense Time % Phy DF OF
1 Colby Robak David Savard 40 1 2 2
2 Christian Folin Simon Danis-Pepin 30 1 2 2
3 Greg Pateryn Esa Lindell 20 1 2 2
4 Colby Robak David Savard 10 1 2 2
PowerPlay Forward
Center Left Wing Right Wing Time % Phy DF OF
1 Anders Lee Tanner Pearson Oliver Bjorkstrand 60 1 2 2
2 Victor Rask Matthew Nieto Kyle Palmieri 40 1 2 2
PowerPlay Defense
Defense Defense Time % Phy DF OF
1 Christian Folin David Savard 60 1 2 2
2 Esa Lindell Simon Danis-Pepin 40 1 2 2
Penalty Kill 4 Players Forward
Center Wing Time % Phy DF OF
1 Vladimir Sobotka Bryan Rust 60 1 2 2
2 Philip Varone Matt Kassian 40 1 2 2
Penalty Kill 4 Players Defense
Defense Defense Time % Phy DF OF
1 Colby Robak David Savard 60 1 2 2
2 Greg Pateryn Simon Danis-Pepin 40 1 2 2
Penalty Kill - 3 Players Forward
Forward Time % Phy DF OF
1 Vladimir Sobotka 60 1 2 2
2 Bryan Rust 40 1 2 2
Penalty Kill - 3 Players Defense
Defense Defense Time % Phy DF OF
1 Colby Robak David Savard 60 1 2 2
2 Greg Pateryn Simon Danis-Pepin 40 1 2 2
4 vs 4 Forward
Center Wing Time % Phy DF OF
1 Vladimir Sobotka Bryan Rust 60 1 2 2
2 Anders Lee Kyle Palmieri 40 1 2 2
4 vs 4 Defense
Defense Defense Time % Phy DF OF
1 Colby Robak David Savard 60 1 2 2
2 Christian Folin Simon Danis-Pepin 40 1 2 2
Last Minutes Offensive
Center Left Wing Right Wing Defense Defense
Vladimir Sobotka Tanner Pearson Kyle Palmieri Colby Robak David Savard
Last Minutes Defensive
Center Left Wing Right Wing Defense Defense
Vladimir Sobotka Tanner Pearson Bryan Rust Colby Robak David Savard
Goaltenders
Starting : Christopher Gibson
Backup : Michael Hutchinson
Extra Forwards
Normal : Bryan Rust, Matthew Nieto, Anders Lee - PP : Matthew Nieto, Oliver Bjorkstrand - PK : Bryan Rust
Extra Defensemen
Normal : Christian Folin, Esa Lindell, Greg Pateryn - PP : Esa Lindell - PK : Simon Danis-Pepin, Greg Pateryn
Penalty Shots
Kyle Palmieri, Vladimir Sobotka, Anders Lee, Tanner Pearson, Bryan Rust
Scratches
Chris Brown (Healthy), Frank Corrado (Healthy), Ryan Spooner (Healthy), Joakim Nordstrom (Healthy), Trevor Carrick (Healthy)
Petteri Lindbohm (Healthy), Daniil Tarasov (Healthy), Eric Karlsson (Healthy), John Gilmour (Healthy), Branden Troock (Healthy)
Vladimir Zharkov (Healthy), Mathieu Brodeur (Healthy), Nathan Lieuwen (Healthy)
% Time on Ice - Knights
Lines # - Real PCT - Wanted PCT - Time Play
Normal Forward
1 - 37% - 40% - 18:06
2 - 26% - 30% - 12:48
3 - 18% - 20% - 9:04
4 - 19% - 10% - 9:27
Normal Defense
1 - 39% - 40% - 19:05
2 - 31% - 30% - 15:26
3 - 26% - 20% - 12:43
4 - 4% - 10% - 2:11
PP Forward
1 - 70% - 60% - 4:38
2 - 30% - 40% - 1:59
PP Defense
1 - 80% - 60% - 5:17
2 - 20% - 40% - 1:20
PK Forward
1 - 72% - 60% - 2:52
2 - 28% - 40% - 1:06
PK Defense
1 - 60% - 60% - 2:22
2 - 40% - 40% - 1:36
PK3 Forward
1 - 0% - 60%
2 - 0% - 40%
PK3 Defense
1 - 0% - 60%
2 - 0% - 40%
44 Forward
1 - 0% - 60%
2 - 0% - 40%
44 Defense
1 - 0% - 60%
2 - 0% - 40%
Last Minute Offensive - 0:00
Last Minute Defensive - 0:00
Total
Forward - 60:00
Defense - 60:00
|
% Time on Ice - Inferno
Lines # - Real PCT - Wanted PCT - Time Play
Normal Forward
1 - 35% - 40% - 17:10
2 - 28% - 30% - 13:39
3 - 22% - 20% - 10:46
4 - 16% - 10% - 7:50
Normal Defense
1 - 40% - 40% - 19:55
2 - 32% - 30% - 15:37
3 - 24% - 20% - 11:51
4 - 4% - 10% - 2:02
PP Forward
1 - 60% - 60% - 2:23
2 - 40% - 40% - 1:35
PP Defense
1 - 59% - 60% - 2:20
2 - 41% - 40% - 1:38
PK Forward
1 - 77% - 60% - 5:06
2 - 23% - 40% - 1:31
PK Defense
1 - 68% - 60% - 4:31
2 - 32% - 40% - 2:06
PK3 Forward
1 - 0% - 60%
2 - 0% - 40%
PK3 Defense
1 - 0% - 60%
2 - 0% - 40%
44 Forward
1 - 0% - 60%
2 - 0% - 40%
44 Defense
1 - 0% - 60%
2 - 0% - 40%
Last Minute Offensive - 0:00
Last Minute Defensive - 0:00
Total
Forward - 60:00
Defense - 60:00
|
Play-by-Play
1st period
0:01 of 1st period - Noel Acciari wins face-off versus Vladimir Sobotka in neutral zone.
0:19 of 1st period - Vladimir Sobotka is hit by Ronalds Kenins and loses puck.
0:38 of 1st period - Slapshot by Matthew Nieto.
0:38 of 1st period - Stopped by Magnus Hellberg with a rebound.
0:40 of 1st period - Snap shot by Bryan Rust.
0:40 of 1st period - Stopped by Magnus Hellberg without a rebound.
0:41 of 1st period - Philip Varone wins face-off versus Linden Vey in Knights zone.
0:42 of 1st period - Wrist shot by Matt Kassian.
0:42 of 1st period - Stopped by Magnus Hellberg without a rebound.
0:43 of 1st period - Philip Varone wins face-off versus Boone Jenner in Knights zone.
0:51 of 1st period - Off-side.
0:52 of 1st period - Victor Rask wins face-off versus Brendan Gaunce in neutral zone.
0:55 of 1st period - Snap shot by Oliver Bjorkstrand.
0:55 of 1st period - Stopped by Magnus Hellberg with a rebound.
1:19 of 1st period - Slapshot by Christian Folin.
1:19 of 1st period - Stopped by Magnus Hellberg with a rebound.
1:47 of 1st period - Slapshot by Jordan Martinook.
1:47 of 1st period - Shot Misses the Net.
2:25 of 1st period - Fredrik Claesson is hit by Greg Pateryn and loses puck.
2:36 of 1st period - Wrist shot by Victor Rask.
2:36 of 1st period - Shot Blocked by Fredrik Claesson.
2:52 of 1st period - Snap shot by Brandon Saad.
2:52 of 1st period - Shot Blocked by Christian Folin.
2:54 of 1st period - Slapshot by Ludwig Bystrom.
2:54 of 1st period - Shot Blocked by Simon Danis-Pepin.
2:56 of 1st period - Slapshot by Ludwig Bystrom.
2:56 of 1st period - Stopped by Christopher Gibson without a rebound.
2:57 of 1st period - Vladimir Sobotka wins face-off versus Miro Aaltonen in Inferno zone.
4:03 of 1st period - Snap shot by Anders Lee.
4:03 of 1st period - Stopped by Magnus Hellberg with a rebound.
4:05 of 1st period - Wrist shot by Bryan Rust.
4:05 of 1st period - Deflect By Anders Lee.
4:05 of 1st period - Shot Misses the Net.
4:05 of 1st period - Puck is out of play.
4:06 of 1st period - Tanner Pearson wins face-off versus Miro Aaltonen in Knights zone.
4:31 of 1st period - Matt Kassian is hit by Pavel Buchnevich.
5:56 of 1st period - Icing by David Savard.
5:57 of 1st period - Victor Rask wins face-off versus Boone Jenner in Inferno zone.
6:08 of 1st period - Snap shot by Victor Rask.
6:08 of 1st period - Stopped by Magnus Hellberg with a rebound.
6:10 of 1st period - Wrist shot by Peter Cehlarik.
6:10 of 1st period - Stopped by Magnus Hellberg without a rebound.
6:11 of 1st period - Vladimir Sobotka wins face-off versus Noel Acciari in Knights zone.
6:14 of 1st period - Wrist shot by Kyle Palmieri.
6:14 of 1st period - Shot Misses the Net.
6:24 of 1st period - Slapshot by Kyle Palmieri.
6:24 of 1st period - Stopped by Magnus Hellberg with a rebound.
6:26 of 1st period - Wrist shot by Vladimir Sobotka.
6:26 of 1st period - Shot Misses the Net.
7:06 of 1st period - Slapshot by Linden Vey.
7:06 of 1st period - Shot Misses the Net.
7:22 of 1st period - Jordan Martinook is hit by Vladimir Sobotka.
7:33 of 1st period - Icing by Brett Connolly.
7:34 of 1st period - Victor Rask wins face-off versus Noel Acciari in Knights zone.
7:35 of 1st period - Snap shot by Oliver Bjorkstrand.
7:35 of 1st period - Stopped by Magnus Hellberg with a rebound.
8:25 of 1st period - Snap shot by Michael Raffl.
8:25 of 1st period - Stopped by Christopher Gibson with a rebound.
8:27 of 1st period - Snap shot by Brandon Saad.
8:27 of 1st period - Shot Misses the Net.
8:29 of 1st period - Wrist shot by Collin Miller.
8:29 of 1st period - Stopped by Christopher Gibson without a rebound.
8:30 of 1st period - Vladimir Sobotka wins face-off versus Noel Acciari in Inferno zone.
8:36 of 1st period - Icing by Tomas Kundratek.
8:37 of 1st period - Vladimir Sobotka wins face-off versus Noel Acciari in Knights zone.
8:38 of 1st period - Snap shot by Tanner Pearson.
8:38 of 1st period - Goal by Tanner Pearson - Knights : 0 - Inferno : 1.
8:39 of 1st period - Noel Acciari wins face-off versus Vladimir Sobotka in neutral zone.
8:46 of 1st period - Backhand shot by Pavel Buchnevich.
8:46 of 1st period - Deflect By Ronalds Kenins.
8:46 of 1st period - Shot Misses the Net.
8:46 of 1st period - Puck is out of play.
8:47 of 1st period - Noel Acciari wins face-off versus Vladimir Sobotka in Inferno zone.
9:58 of 1st period - Slapshot by Jordan Martinook.
9:58 of 1st period - Shot Misses the Net.
10:00 of 1st period - Slapshot by Collin Miller.
10:00 of 1st period - Deflect By Vladimir Sobotka.
10:00 of 1st period - Stopped by Christopher Gibson with a rebound.
10:02 of 1st period - Slapshot by Brett Connolly.
10:02 of 1st period - Shot Misses the Net.
10:04 of 1st period - Snap shot by Jordan Martinook.
10:04 of 1st period - Shot Misses the Net.
11:22 of 1st period - Wrist shot by Kyle Palmieri.
11:22 of 1st period - Shot Blocked by Jaccob Slavin.
11:24 of 1st period - Slapshot by Christian Folin.
11:24 of 1st period - Shot Misses the Net.
11:26 of 1st period - Wrist shot by Christian Folin.
11:26 of 1st period - Stopped by Magnus Hellberg with a rebound.
12:22 of 1st period - Christian Folin is hit by Brandon Saad and loses puck.
12:51 of 1st period - Pavel Buchnevich is hit by Tanner Pearson and loses puck.
12:57 of 1st period - Minor Penalty to Kyle Palmieri for Slashing.
12:58 of 1st period - Noel Acciari wins face-off versus Vladimir Sobotka in Inferno zone.
12:58 of 1st period - Wrist shot by Pavel Buchnevich.
12:58 of 1st period - Shot Misses the Net.
13:00 of 1st period - Slapshot by Tomas Kundratek.
13:00 of 1st period - Stopped by Christopher Gibson with a rebound.
13:02 of 1st period - Snap shot by Michael Raffl.
13:02 of 1st period - Shot Misses the Net.
13:04 of 1st period - Snap shot by Michael Raffl.
13:04 of 1st period - Shot Misses the Net.
13:06 of 1st period - Slapshot by Jaccob Slavin.
13:06 of 1st period - Deflect By Vladimir Sobotka.
13:06 of 1st period - Stopped by Christopher Gibson with a rebound.
13:19 of 1st period - Icing by Noel Acciari.
13:20 of 1st period - Noel Acciari wins face-off versus Vladimir Sobotka in Knights zone.
14:03 of 1st period - Snap shot by Noel Acciari.
14:03 of 1st period - Shot Blocked by Simon Danis-Pepin.
14:05 of 1st period - Slapshot by Tomas Kundratek.
14:05 of 1st period - Shot Misses the Net.
14:07 of 1st period - Snap shot by Michael Raffl.
14:07 of 1st period - Shot Blocked by Greg Pateryn.
14:21 of 1st period - Wrist shot by Michael Raffl.
14:21 of 1st period - Shot Blocked by Simon Danis-Pepin.
14:23 of 1st period - Slapshot by Jaccob Slavin.
14:23 of 1st period - Stopped by Christopher Gibson without a rebound.
14:24 of 1st period - Miro Aaltonen wins face-off versus Anders Lee in Inferno zone.
14:57 of 1st period - Penalty to Kyle Palmieri is over, Kyle Palmieri is back on ice.
15:01 of 1st period - Colby Robak is hit by Brandon Saad and loses puck.
15:20 of 1st period - Wrist shot by Anders Lee.
15:20 of 1st period - Shot Misses the Net.
15:30 of 1st period - Snap shot by Kyle Palmieri.
15:30 of 1st period - Shot Blocked by Ludwig Bystrom.
15:52 of 1st period - Tomas Kundratek is hit by Matt Kassian and loses puck.
16:09 of 1st period - Snap shot by Oliver Bjorkstrand.
16:09 of 1st period - Stopped by Magnus Hellberg with a rebound.
17:08 of 1st period - Snap shot by Tanner Pearson.
17:08 of 1st period - Shot Misses the Net.
17:14 of 1st period - David Savard is hit by Linden Vey and loses puck.
17:40 of 1st period - Minor Penalty to Brendan Gaunce for Hooking.
17:41 of 1st period - Anders Lee wins face-off versus Noel Acciari in Knights zone.
19:29 of 1st period - Kyle Palmieri is hit by Ronalds Kenins.
19:40 of 1st period - Penalty to Brendan Gaunce is over, Brendan Gaunce is back on ice.
19:53 of 1st period - Michael Matheson is hit by Matt Kassian and loses puck.
Goals for this period are 0 for Knights vs 1 for Inferno.
Shots for this period are 7 for Knights vs 13 for Inferno.
2nd period
0:01 of 2nd period - Noel Acciari wins face-off versus Matthew Nieto in neutral zone.
0:08 of 2nd period - Wrist shot by Noel Acciari.
0:08 of 2nd period - Shot Blocked by Bryan Rust.
0:10 of 2nd period - Snap shot by Ronalds Kenins.
0:10 of 2nd period - Stopped by Christopher Gibson without a rebound.
0:11 of 2nd period - Anders Lee wins face-off versus Noel Acciari in Inferno zone.
0:51 of 2nd period - Slapshot by Josh Bailey.
0:51 of 2nd period - Stopped by Christopher Gibson without a rebound.
0:52 of 2nd period - Vladimir Sobotka wins face-off versus Boone Jenner in Inferno zone.
1:17 of 2nd period - Christian Folin is hit by Pavel Buchnevich and loses puck.
1:22 of 2nd period - Slapshot by Ronalds Kenins.
1:22 of 2nd period - Shot Misses the Net.
1:24 of 2nd period - Snap shot by Pavel Buchnevich.
1:24 of 2nd period - Deflect By Noel Acciari.
1:24 of 2nd period - Stopped by Christopher Gibson with a rebound.
1:50 of 2nd period - Wrist shot by Matt Kassian.
1:50 of 2nd period - Shot Misses the Net.
1:58 of 2nd period - Minor Penalty to Josh Bailey for High sticking.
1:59 of 2nd period - Noel Acciari wins face-off versus Oliver Bjorkstrand in Knights zone.
2:04 of 2nd period - Wrist shot by Michael Raffl.
2:04 of 2nd period - Stopped by Christopher Gibson with a rebound.
2:06 of 2nd period - Slapshot by Michael Raffl.
2:06 of 2nd period - Shot Misses the Net.
2:08 of 2nd period - Slapshot by Michael Matheson.
2:08 of 2nd period - Deflect By Noel Acciari.
2:08 of 2nd period - Shot Blocked by Christian Folin.
2:08 of 2nd period - Puck is out of play.
2:09 of 2nd period - Noel Acciari wins face-off versus Anders Lee in Inferno zone.
2:14 of 2nd period - Snap shot by Michael Raffl.
2:14 of 2nd period - Shot Misses the Net.
2:16 of 2nd period - Slapshot by Michael Raffl.
2:16 of 2nd period - Deflect By Tanner Pearson.
2:16 of 2nd period - Shot Blocked by David Savard.
2:16 of 2nd period - Puck is out of play.
2:17 of 2nd period - Anders Lee wins face-off versus Noel Acciari in Inferno zone.
2:31 of 2nd period - Off-side.
2:32 of 2nd period - Noel Acciari wins face-off versus Anders Lee in neutral zone.
3:23 of 2nd period - Noel Acciari is hit by Anders Lee and loses puck.
3:58 of 2nd period - Penalty to Josh Bailey is over, Josh Bailey is back on ice.
4:34 of 2nd period - Icing by David Savard.
4:35 of 2nd period - Boone Jenner wins face-off versus Anders Lee in Inferno zone.
4:40 of 2nd period - Slapshot by Linden Vey.
4:40 of 2nd period - Shot Blocked by Christian Folin.
4:42 of 2nd period - Wrist shot by Brandon Saad.
4:42 of 2nd period - Stopped by Christopher Gibson with a rebound.
4:44 of 2nd period - Snap shot by Brandon Saad.
4:44 of 2nd period - Stopped by Christopher Gibson without a rebound.
4:45 of 2nd period - Vladimir Sobotka wins face-off versus Noel Acciari in Inferno zone.
4:52 of 2nd period - Ronalds Kenins is hit by Esa Lindell and loses puck.
4:59 of 2nd period - Snap shot by Tomas Kundratek.
4:59 of 2nd period - Stopped by Christopher Gibson without a rebound.
5:00 of 2nd period - Miro Aaltonen wins face-off versus Anders Lee in Inferno zone.
5:07 of 2nd period - Snap shot by Miro Aaltonen.
5:07 of 2nd period - Stopped by Christopher Gibson with a rebound.
5:39 of 2nd period - Wrist shot by Vladimir Sobotka.
5:39 of 2nd period - Deflect By Tanner Pearson.
5:39 of 2nd period - Deflect By Noel Acciari.
5:39 of 2nd period - Stopped by Magnus Hellberg without a rebound.
5:40 of 2nd period - Vladimir Sobotka wins face-off versus Miro Aaltonen in Knights zone.
5:53 of 2nd period - Wrist shot by Josh Bailey.
5:53 of 2nd period - Deflect By Miro Aaltonen.
5:53 of 2nd period - Shot Misses the Net.
5:53 of 2nd period - Puck is out of play.
5:54 of 2nd period - Noel Acciari wins face-off versus Anders Lee in Inferno zone.
6:19 of 2nd period - Tanner Pearson is hit by Josh Bailey and loses puck.
6:42 of 2nd period - Snap shot by Matt Kassian.
6:42 of 2nd period - Stopped by Magnus Hellberg without a rebound.
6:43 of 2nd period - Victor Rask wins face-off versus Boone Jenner in Knights zone.
7:16 of 2nd period - Minor Penalty to Matthew Nieto for Hooking.
7:17 of 2nd period - Noel Acciari wins face-off versus Vladimir Sobotka in Inferno zone.
7:22 of 2nd period - Snap shot by Michael Raffl.
7:22 of 2nd period - Shot Misses the Net.
7:24 of 2nd period - Slapshot by Jaccob Slavin.
7:24 of 2nd period - Stopped by Christopher Gibson without a rebound.
7:25 of 2nd period - Noel Acciari wins face-off versus Vladimir Sobotka in Inferno zone.
7:28 of 2nd period - Wrist shot by Michael Raffl.
7:28 of 2nd period - Shot Hit the Post.
7:30 of 2nd period - Slapshot by Tomas Kundratek.
7:30 of 2nd period - Shot Blocked by Vladimir Sobotka.
7:32 of 2nd period - Wrist shot by Tomas Kundratek.
7:32 of 2nd period - Stopped by Christopher Gibson with a rebound.
7:34 of 2nd period - Wrist shot by Noel Acciari.
7:34 of 2nd period - Shot Blocked by Vladimir Sobotka.
7:36 of 2nd period - Wrist shot by Michael Raffl.
7:36 of 2nd period - Stopped by Christopher Gibson without a rebound.
7:37 of 2nd period - Vladimir Sobotka wins face-off versus Noel Acciari in Inferno zone.
7:50 of 2nd period - Snap shot by Pavel Buchnevich.
7:50 of 2nd period - Goal by Pavel Buchnevich - Knights : 1 - Inferno : 1.
7:51 of 2nd period - Ronalds Kenins wins face-off versus Vladimir Sobotka in neutral zone.
7:54 of 2nd period - Slapshot by Jaccob Slavin.
7:54 of 2nd period - Shot Blocked by David Savard.
8:51 of 2nd period - Slapshot by Ronalds Kenins.
8:51 of 2nd period - Stopped by Christopher Gibson with a rebound.
8:53 of 2nd period - Wrist shot by Pavel Buchnevich.
8:53 of 2nd period - Shot Misses the Net.
8:55 of 2nd period - Slapshot by Tomas Kundratek.
8:55 of 2nd period - Shot Blocked by Matt Kassian.
8:57 of 2nd period - Slapshot by Jaccob Slavin.
8:57 of 2nd period - Shot Misses the Net.
8:59 of 2nd period - Slapshot by Noel Acciari.
8:59 of 2nd period - Shot Misses the Net.
9:13 of 2nd period - Snap shot by Pavel Buchnevich.
9:13 of 2nd period - Shot Misses the Net.
9:15 of 2nd period - Backhand shot by Jaccob Slavin.
9:15 of 2nd period - Shot Blocked by Matt Kassian.
9:17 of 2nd period - Snap shot by Pavel Buchnevich.
9:17 of 2nd period - Stopped by Christopher Gibson without a rebound.
9:18 of 2nd period - Vladimir Sobotka wins face-off versus Miro Aaltonen in Inferno zone.
9:23 of 2nd period - Slapshot by David Savard.
9:23 of 2nd period - Stopped by Magnus Hellberg without a rebound.
9:24 of 2nd period - Miro Aaltonen wins face-off versus Vladimir Sobotka in Knights zone.
10:15 of 2nd period - Snap shot by Brendan Gaunce.
10:15 of 2nd period - Stopped by Christopher Gibson with a rebound.
10:21 of 2nd period - Slapshot by Colby Robak.
10:21 of 2nd period - Deflect By Victor Rask.
10:21 of 2nd period - Shot Misses the Net.
10:21 of 2nd period - Puck is out of play.
10:22 of 2nd period - Miro Aaltonen wins face-off versus Vladimir Sobotka in Knights zone.
10:27 of 2nd period - Snap shot by Miro Aaltonen.
10:27 of 2nd period - Stopped by Christopher Gibson with a rebound.
10:47 of 2nd period - Collin Miller is hit by Greg Pateryn and loses puck.
12:51 of 2nd period - Snap shot by Tanner Pearson.
12:51 of 2nd period - Shot Misses the Net.
12:53 of 2nd period - Slapshot by Christian Folin.
12:53 of 2nd period - Stopped by Magnus Hellberg with a rebound.
12:55 of 2nd period - Slapshot by Vladimir Sobotka.
12:55 of 2nd period - Shot Misses the Net.
13:35 of 2nd period - Slapshot by Victor Rask.
13:35 of 2nd period - Stopped by Magnus Hellberg with a rebound.
13:49 of 2nd period - Noel Acciari is hit by Esa Lindell and loses puck.
13:56 of 2nd period - Snap shot by Philip Varone.
13:56 of 2nd period - Shot Blocked by Fredrik Claesson.
13:58 of 2nd period - Wrist shot by Philip Varone.
13:58 of 2nd period - Stopped by Magnus Hellberg with a rebound.
14:13 of 2nd period - Snap shot by Vladimir Sobotka.
14:13 of 2nd period - Shot Blocked by Ronalds Kenins.
14:36 of 2nd period - Simon Danis-Pepin is hit by Jaccob Slavin.
14:42 of 2nd period - Icing by Jaccob Slavin.
14:43 of 2nd period - Boone Jenner wins face-off versus Vladimir Sobotka in Knights zone.
15:19 of 2nd period - Slapshot by Jaccob Slavin.
15:19 of 2nd period - Stopped by Christopher Gibson with a rebound.
15:21 of 2nd period - Snap shot by Linden Vey.
15:21 of 2nd period - Shot Blocked by Esa Lindell.
15:23 of 2nd period - Snap shot by Brandon Saad.
15:23 of 2nd period - Stopped by Christopher Gibson with a rebound.
15:25 of 2nd period - Slapshot by Collin Miller.
15:25 of 2nd period - Deflect By Esa Lindell.
15:25 of 2nd period - Stopped by Christopher Gibson with a rebound.
15:27 of 2nd period - Slapshot by Boone Jenner.
15:27 of 2nd period - Shot Misses the Net.
15:29 of 2nd period - Snap shot by Michael Matheson.
15:29 of 2nd period - Deflect By Vladimir Sobotka.
15:29 of 2nd period - Stopped by Christopher Gibson without a rebound.
15:30 of 2nd period - Anders Lee wins face-off versus Noel Acciari in Inferno zone.
15:30 of 2nd period - Anders Lee is hit by Collin Miller.
15:42 of 2nd period - Pavel Buchnevich is hit by Matthew Nieto and loses puck.
15:43 of 2nd period - Pavel Buchnevich from Knights is injured at 15:43 of 2nd period (Bruised Left Shoulder).
15:44 of 2nd period - Noel Acciari wins face-off versus Vladimir Sobotka in Knights zone.
15:44 of 2nd period - Noel Acciari is hit by Tanner Pearson.
16:31 of 2nd period - Snap shot by Brendan Gaunce.
16:31 of 2nd period - Shot Misses the Net.
17:00 of 2nd period - Slapshot by Christian Folin.
17:00 of 2nd period - Shot Blocked by Linden Vey.
17:15 of 2nd period - Tanner Pearson is hit by Jaccob Slavin and loses puck.
18:06 of 2nd period - Backhand shot by Peter Cehlarik.
18:06 of 2nd period - Shot Misses the Net.
18:08 of 2nd period - Wrist shot by Peter Cehlarik.
18:08 of 2nd period - Deflect By Brandon Saad.
18:08 of 2nd period - Stopped by Magnus Hellberg without a rebound.
18:09 of 2nd period - Vladimir Sobotka wins face-off versus Noel Acciari in Knights zone.
18:12 of 2nd period - Wrist shot by Kyle Palmieri.
18:12 of 2nd period - Stopped by Magnus Hellberg with a rebound.
18:14 of 2nd period - Slapshot by Simon Danis-Pepin.
18:14 of 2nd period - Stopped by Magnus Hellberg with a rebound.
18:16 of 2nd period - Snap shot by Tanner Pearson.
18:16 of 2nd period - Deflect By Vladimir Sobotka.
18:16 of 2nd period - Shot Blocked by Noel Acciari.
18:16 of 2nd period - Puck is out of play.
18:17 of 2nd period - Noel Acciari wins face-off versus Vladimir Sobotka in Knights zone.
18:43 of 2nd period - Jaccob Slavin is hit by Kyle Palmieri and loses puck.
18:48 of 2nd period - Snap shot by Vladimir Sobotka.
18:48 of 2nd period - Goal by Vladimir Sobotka - Knights : 1 - Inferno : 2.
18:49 of 2nd period - Anders Lee wins face-off versus Ronalds Kenins in neutral zone.
18:52 of 2nd period - Wrist shot by Colby Robak.
18:52 of 2nd period - Deflect By Bryan Rust.
18:52 of 2nd period - Shot Misses the Net.
18:52 of 2nd period - Puck is out of play.
18:53 of 2nd period - Anders Lee wins face-off versus Noel Acciari in Knights zone.
19:04 of 2nd period - Snap shot by Ronalds Kenins.
19:04 of 2nd period - Shot Blocked by Anders Lee.
19:06 of 2nd period - Snap shot by Linden Vey.
19:06 of 2nd period - Shot Misses the Net.
19:08 of 2nd period - Snap shot by Noel Acciari.
19:08 of 2nd period - Stopped by Christopher Gibson with a rebound.
19:14 of 2nd period - Minor Penalty to Matthew Nieto for Roughing.
19:15 of 2nd period - Noel Acciari wins face-off versus Vladimir Sobotka in Inferno zone.
Goals for this period are 1 for Knights vs 1 for Inferno.
Shots for this period are 21 for Knights vs 10 for Inferno.
3rd period
0:01 of 3rd period - Noel Acciari wins face-off versus Vladimir Sobotka in neutral zone.
0:04 of 3rd period - Backhand shot by Jaccob Slavin.
0:04 of 3rd period - Deflect By Colby Robak.
0:04 of 3rd period - Stopped by Christopher Gibson without a rebound.
0:05 of 3rd period - Noel Acciari wins face-off versus Vladimir Sobotka in Inferno zone.
1:05 of 3rd period - Tomas Kundratek is hit by Matt Kassian and loses puck.
1:14 of 3rd period - Penalty to Matthew Nieto is over, Matthew Nieto is back on ice.
1:32 of 3rd period - Wrist shot by Matthew Nieto.
1:32 of 3rd period - Deflect By Philip Varone.
1:32 of 3rd period - Shot Blocked by Jaccob Slavin.
1:32 of 3rd period - Puck is out of play.
1:33 of 3rd period - Oliver Bjorkstrand wins face-off versus Brendan Gaunce in Knights zone.
2:07 of 3rd period - Michael Matheson is hit by Kyle Palmieri and loses puck.
3:17 of 3rd period - Snap shot by Matt Kassian.
3:17 of 3rd period - Stopped by Magnus Hellberg without a rebound.
3:18 of 3rd period - Linden Vey wins face-off versus Vladimir Sobotka in Knights zone.
3:46 of 3rd period - Tomas Kundratek is hit by Greg Pateryn and loses puck.
3:49 of 3rd period - Snap shot by Brett Connolly.
3:49 of 3rd period - Shot Misses the Net.
3:51 of 3rd period - Snap shot by Jaccob Slavin.
3:51 of 3rd period - Deflect By Greg Pateryn.
3:51 of 3rd period - Stopped by Christopher Gibson with a rebound.
3:53 of 3rd period - Wrist shot by Jordan Martinook.
3:53 of 3rd period - Stopped by Christopher Gibson with a rebound.
3:55 of 3rd period - Snap shot by Brett Connolly.
3:55 of 3rd period - Deflect By Jordan Martinook.
3:55 of 3rd period - Stopped by Christopher Gibson with a rebound.
4:15 of 3rd period - Snap shot by Victor Rask.
4:15 of 3rd period - Stopped by Magnus Hellberg with a rebound.
4:17 of 3rd period - Snap shot by Oliver Bjorkstrand.
4:17 of 3rd period - Shot Misses the Net.
4:35 of 3rd period - Brett Connolly is hit by Kyle Palmieri and loses puck.
4:42 of 3rd period - Vladimir Sobotka is hit by Jordan Martinook and loses puck.
4:59 of 3rd period - Wrist shot by Philip Varone.
4:59 of 3rd period - Stopped by Magnus Hellberg without a rebound.
5:00 of 3rd period - Philip Varone wins face-off versus Noel Acciari in Knights zone.
5:21 of 3rd period - Jaccob Slavin is hit by Bryan Rust and loses puck.
5:56 of 3rd period - Victor Rask is hit by Noel Acciari and loses puck.
6:19 of 3rd period - Minor Penalty to Greg Pateryn for Goalie Interference.
6:20 of 3rd period - Noel Acciari wins face-off versus Vladimir Sobotka in Inferno zone.
6:25 of 3rd period - Slapshot by Tomas Kundratek.
6:25 of 3rd period - Goal by Tomas Kundratek - Knights : 2 - Inferno : 2.
6:26 of 3rd period - Ronalds Kenins wins face-off versus Vladimir Sobotka in neutral zone.
7:02 of 3rd period - Wrist shot by Miro Aaltonen.
7:02 of 3rd period - Stopped by Christopher Gibson without a rebound.
7:03 of 3rd period - Noel Acciari wins face-off versus Vladimir Sobotka in Inferno zone.
7:18 of 3rd period - Slapshot by Linden Vey.
7:18 of 3rd period - Stopped by Christopher Gibson without a rebound.
7:19 of 3rd period - Miro Aaltonen wins face-off versus Anders Lee in Inferno zone.
7:33 of 3rd period - Off-side.
7:34 of 3rd period - Noel Acciari wins face-off versus Vladimir Sobotka in neutral zone.
7:37 of 3rd period - Slapshot by Jaccob Slavin.
7:37 of 3rd period - Deflect By Ronalds Kenins.
7:37 of 3rd period - Goal by Ronalds Kenins - Knights : 3 - Inferno : 2.
7:38 of 3rd period - Vladimir Sobotka wins face-off versus Noel Acciari in neutral zone.
7:51 of 3rd period - Wrist shot by Noel Acciari.
7:51 of 3rd period - Stopped by Christopher Gibson with a rebound.
7:53 of 3rd period - Slapshot by Linden Vey.
7:53 of 3rd period - Stopped by Christopher Gibson with a rebound.
8:08 of 3rd period - Wrist shot by Matthew Nieto.
8:08 of 3rd period - Stopped by Magnus Hellberg with a rebound.
8:28 of 3rd period - Wrist shot by Linden Vey.
8:28 of 3rd period - Shot Misses the Net.
8:48 of 3rd period - Wrist shot by Matt Kassian.
8:48 of 3rd period - Shot Blocked by Collin Miller.
8:50 of 3rd period - Wrist shot by Tyler Shattock.
8:50 of 3rd period - Shot Blocked by Collin Miller.
8:52 of 3rd period - Wrist shot by Christian Folin.
8:52 of 3rd period - Deflect By Philip Varone.
8:52 of 3rd period - Stopped by Magnus Hellberg with a rebound.
9:30 of 3rd period - Wrist shot by Victor Rask.
9:30 of 3rd period - Deflect By Oliver Bjorkstrand.
9:30 of 3rd period - Stopped by Magnus Hellberg with a rebound.
9:32 of 3rd period - Slapshot by Peter Cehlarik.
9:32 of 3rd period - Stopped by Magnus Hellberg with a rebound.
9:34 of 3rd period - Snap shot by Oliver Bjorkstrand.
9:34 of 3rd period - Shot Blocked by Michael Raffl.
10:51 of 3rd period - Snap shot by Peter Cehlarik.
10:51 of 3rd period - Shot Misses the Net.
11:03 of 3rd period - Wrist shot by Miro Aaltonen.
11:03 of 3rd period - Shot Misses the Net.
12:06 of 3rd period - Snap shot by Miro Aaltonen.
12:06 of 3rd period - Shot Misses the Net.
12:20 of 3rd period - Snap shot by Kyle Palmieri.
12:20 of 3rd period - Shot Misses the Net.
12:42 of 3rd period - Slapshot by Philip Varone.
12:42 of 3rd period - Shot Misses the Net.
13:06 of 3rd period - Noel Acciari is hit by Victor Rask and loses puck.
13:33 of 3rd period - Slapshot by Michael Matheson.
13:33 of 3rd period - Deflect By Linden Vey.
13:33 of 3rd period - Stopped by Christopher Gibson without a rebound.
13:34 of 3rd period - Matthew Nieto wins face-off versus Jordan Martinook in Inferno zone.
13:41 of 3rd period - Jordan Martinook is hit by Matthew Nieto and loses puck.
13:50 of 3rd period - David Savard is hit by Michael Matheson and loses puck.
14:14 of 3rd period - Boone Jenner is hit by Philip Varone and loses puck.
14:31 of 3rd period - Slapshot by Esa Lindell.
14:31 of 3rd period - Stopped by Magnus Hellberg with a rebound.
14:33 of 3rd period - Wrist shot by Oliver Bjorkstrand.
14:33 of 3rd period - Stopped by Magnus Hellberg without a rebound.
14:34 of 3rd period - Victor Rask wins face-off versus Noel Acciari in Knights zone.
14:51 of 3rd period - Wrist shot by Miro Aaltonen.
14:51 of 3rd period - Goal by Miro Aaltonen - Knights : 4 - Inferno : 2.
14:52 of 3rd period - Vladimir Sobotka wins face-off versus Noel Acciari in neutral zone.
14:57 of 3rd period - Snap shot by Kyle Palmieri.
14:57 of 3rd period - Stopped by Magnus Hellberg without a rebound.
14:58 of 3rd period - Noel Acciari wins face-off versus Tanner Pearson in Knights zone.
16:04 of 3rd period - Slapshot by Oliver Bjorkstrand.
16:04 of 3rd period - Stopped by Magnus Hellberg with a rebound.
16:06 of 3rd period - Snap shot by Oliver Bjorkstrand.
16:06 of 3rd period - Stopped by Magnus Hellberg with a rebound.
16:08 of 3rd period - Wrist shot by Oliver Bjorkstrand.
16:08 of 3rd period - Stopped by Magnus Hellberg with a rebound.
16:24 of 3rd period - Wrist shot by Miro Aaltonen.
16:24 of 3rd period - Stopped by Christopher Gibson with a rebound.
16:34 of 3rd period - Snap shot by Kyle Palmieri.
16:34 of 3rd period - Shot Misses the Net.
16:44 of 3rd period - Michael Raffl is hit by Christian Folin and loses puck.
17:40 of 3rd period - Minor Penalty to Christian Folin for Tripping.
17:41 of 3rd period - Noel Acciari wins face-off versus Vladimir Sobotka in Inferno zone.
18:06 of 3rd period - Vladimir Sobotka is hit by Linden Vey and loses puck.
19:13 of 3rd period - Miro Aaltonen is hit by Matthew Nieto.
19:40 of 3rd period - Penalty to Christian Folin is over, Christian Folin is back on ice.
Goals for this period are 3 for Knights vs 0 for Inferno.
Shots for this period are 13 for Knights vs 13 for Inferno.
Back to the Top